[Event "*** Titled Tuesday Blitz"]
[Site "Chess.com"]
[Date "2021.03.16"]
[Round "8"]
[White "enriquetejedor"]
[Black "SergeyShtyka"]
[Result "1/2-1/2"]
[WhiteElo "2530"]
[BlackElo "2414"]
[TimeControl "180+1"]
[EndTime "11:27:59 PDT"]
[Termination "Game drawn by repetition"]

1. d4 c5 2. d5 e5 3. dxe6 fxe6 4. e4 Nc6 5. Nc3 Nf6 6. Nf3 d6 7. e5 Nxe5 8. Nxe5 dxe5 9. Qxd8+ Kxd8 10. g3 Bd7 11. Bg2 Kc7 12. O-O Bc6 13. Bd2 Bxg2 14. Kxg2 Be7 15. Rfe1 Rhd8 16. Re2 a6 17. Rd1 b5 18. Rxe5 Rd6 19. Rxc5+ Rc6 20. Bf4+ Kb7 21. Rxc6 Kxc6 22. Ne2 Nd5 23. Nd4+ Kd7 24. Be5 Bf6 25. Bxf6 gxf6 26. a4 bxa4 27. c4 Nb6 28. c5 Nd5 29. Ra1 e5 30. Nf5 Kc6 31. Rxa4 Kxc5 32. Rh4 Rb8 33. Rxh7 Rxb2 34. h4 e4 35. Rh5 Kc4 36.
Nd6+ Kd4 37. Nf5+ Kc4 38. Kg1 Rb1+ 39. Kg2 Rb2 1/2-1/2

[Event "*** Titled Tuesday Blitz"]
[Site "Chess.com"]
[Date "2021.03.16"]
[Round "8"]
[White "winniethepooh04"]
[Black "Leo_C"]
[Result "0-1"]
[WhiteElo "2255"]
[BlackElo "2423"]
[TimeControl "180+1"]
[EndTime "11:27:59 PDT"]
[Termination "Leo_C won by resignation"]

1. d4 d5 2. c4 e6 3. Nc3 c6 4. cxd5 exd5 5. Bf4 Bd6 6. Bg3 Bf5 7. e3 Nf6 8. Bd3 Bxd3 9. Qxd3 O-O 10. Nge2 Re8 11.
O-O Na6 12. a3 Nc7 13. Rfe1 a5 14. f3 Qe7 15. Bxd6 Qxd6 16. e4 dxe4 17. fxe4 Rad8 18. Rad1 Ng4 19. Qg3 Qxg3 20. Nxg3 Nf6 21. h3 g6 22. Nf1 Ne6 23. d5 Nc5 24. Ng3 h5 25. b4 axb4 26.
axb4 Na6 27. b5 cxb5 28. e5 Nd7 29. e6 Ndc5 30. exf7+ Kxf7 31. Rf1+ Kg7 32. Nxb5 h4 33.
Nh1 Ne4 34. Nf2 Ng3 35. Nd4 Nxf1 36. Ne6+ Rxe6 37. Rxf1 Rxd5 38. Ng4 Re2 39. Kh1 Rdd2 40. Nh6 Kxh6 41. Rf7 Nc5 42. Rc7 Ne4 43. Rc3 Nxc3 44. Kg1 Rxg2+ 45. Kh1 Rh2+ 0-1

[Event "*** Titled Tuesday Blitz"]
[Site "Chess.com"]
[Date "2021.03.16"]
[Round "8"]
[White "jefferyx"]
[Black "iturrizaga"]
[Result "1-0"]
[WhiteElo "3002"]
[BlackElo "2849"]
[TimeControl "180+1"]
[EndTime "11:28:02 PDT"]
[Termination "jefferyx won on time"]

1. d4 Nf6 2. c4 e6 3. Nc3 Bb4 4. Qc2 c5 5. dxc5 O-O 6. Nf3 Bxc5 7. Bf4 Nc6 8. e3 Nh5 9. Bg5 Be7 10. h4 f5 11. Rd1 h6 12. Bxe7 Qxe7 13. Nb5 b6 14.
Be2 Bb7 15. Nd6 Rab8 16. O-O Ba8 17. Qa4 Nf6 18. Qa3 Ng4 19. Nb5 Qf7 20. Qd6 Rbd8 21. Qg3 Qf6 22. Rd2 e5 23. Rfd1 Qe7 24. h5 e4 25. Nh4 Nce5 26. Nd6 Qg5 27. Bxg4 Nxg4 28. Ng6 Rf6 29. Rd5 Bxd5 30. Rxd5 Qxh5 31. Nxf5 Rxf5 32. Ne7+ Kh7 33. Rxf5 Qe8 34. Nd5 h5 35. Qh4 g6 36.
Rg5 Rc8 37. Rxg4 1-0

[Event "*** Titled Tuesday Blitz"]
[Site "Chess.com"]
[Date "2021.03.16"]
[Round "8"]
[White "Gloomy_Wanderer"]
[Black "Alexander_Moskalenko"]
[Result "1-0"]
[WhiteElo "2696"]
[BlackElo "2766"]
[TimeControl "180+1"]
[EndTime "11:28:04 PDT"]
[Termination "Gloomy_Wanderer won by resignation"]

1. d4 Nf6 2. Nf3 g6 3. c4 Bg7 4. g3 O-O 5. Bg2 c5 6. O-O cxd4 7. Nxd4 Nc6 8. Nc3 Qa5 9. Nb3 Qh5 10. Nd5 d6 11.
Nf4 Qe5 12. h3 a5 13. a4 Be6 14. Nxe6 Qxe6 15. c5 Rfd8 16. Bd2 Ne4 17. Be3 Nxc5 18. Bd5 Qxh3 19. Nxc5 dxc5 20. Qb3 e6 21. Bg2 Qf5 22.
Qxb7 Nd4 23. Bxd4 Bxd4 24. e3 Rab8 25. Qc7 Bxb2 26. Rab1 c4 27. Rxb2 Rbc8 28. Qf4 c3 29. Qxf5 gxf5 30. Rc2 Rc4 31. Rfc1 Rdc8 32. Ra1 h5 33.
Bf1 Rb4 34. Ra3 h4 35. gxh4 Rxh4 36. Bb5 Kh7 37. Raxc3 Rg8+ 38. Kf1 f4 39. exf4 Rgg4 40. Rc4 Rxf4 41. Rxf4 Rxf4 42. Rc7 Kg6 43. Ra7 f5 44. Rxa5 e5 45. Ra8 Rb4 46. Re8 Kf6 47. Rb8 e4 48. a5 f4 49. a6 f3 50. Kg1 Rb1+ 51. Kh2 e3 52. fxe3 f2 53. a7 Rxb5 54. Rf8+ Ke7 55. a8=Q f1=Q 56. Qe8+ Kd6 57. Rxf1 Rh5+ 58. Kg3 Rg5+ 59.
Kh4 Rg4+ 60. Kxg4 1-0

[Event "*** Titled Tuesday Blitz"]
[Site "Chess.com"]
[Date "2021.03.16"]
[Round "8"]
[White "WilliamSchill"]
[Black "bricolageur"]
[Result "0-1"]
[WhiteElo "2143"]
[BlackElo "2279"]
[TimeControl "180+1"]
[EndTime "11:28:07 PDT"]
[Termination "bricolageur won by checkmate"]

1. e4 e5 2. Nf3 Nc6 3. Nc3 Nf6 4. Be2 Bb4 5. Nd5 Ba5 6. c3 Nxe4 7. a4 Bb6 8. Qc2 Nf6 9. Nxb6 axb6 10. d3 h6 11. O-O O-O 12. b4 d6 13. h3 Bf5 14. Bb2 Qd7 15.
Rfe1 Nd5 16. Rad1 Rae8 17. b5 Nd8 18. Qb3 Nf4 19. Bf1 Nde6 20. d4 e4 21. Nh2 d5 22. c4 c6 23. Ba3 Ng5 24. Bxf8 Rxf8 25. bxc6 bxc6 26. cxd5 cxd5 27. Re3 Qd6 28. Rb1 Ra8 29.
Qxb6 Qxb6 30. Rxb6 Rxa4 31. Rb8+ Kh7 32. h4 Nge6 33.
g3 Nh3+ 34. Bxh3 Bxh3 35. Rb1 Nxd4 36. Rd1 Be6 37. Nf1 Nf3+ 38. Kh1 f5 39. Nd2 d4 40. Re2 Ne5 41. Nxe4 fxe4 42. Kg1 Nf3+ 43. Kf1 Bh3# 0-1

[Event "*** Titled Tuesday Blitz"]
[Site "Chess.com"]
[Date "2021.03.16"]
[Round "8"]
[White "elegant285"]
[Black "Agibileg"]
[Result "1-0"]
[WhiteElo "2408"]
[BlackElo "2506"]
[TimeControl "180+1"]
[EndTime "11:28:09 PDT"]
[Termination "elegant285 won by checkmate"]

1. d4 Nf6 2. c4 g6 3. Nc3 Bg7 4. e4 O-O 5. Be2 d6 6. Bg5 c5 7. d5 e6 8. Qd2 exd5 9. exd5 Bf5 10.
Nf3 Nbd7 11. O-O Qb6 12. Nh4 Ne4 13. Nxe4 Bxe4 14. f3 Bd4+ 15. Kh1 Qxb2 16. Qxb2 Bxb2 17. fxe4 Bxa1 18. Rxa1 Rfe8 19. Nf3 Rxe4 20. Bd3 Ree8 21. Bf4 Rad8 22. Bxd6 Re3 23. Rd1 b6 24. Bf4 Re7 25. Bg5 f6 26. Bf4 Kf7 27. Kg1 Nf8 28. Kf2 g5 29.
Bd2 Ng6 30. Bc3 Nf4 31. Bf1 h5 32. g3 Ng6 33. Bd3 Rde8 34. Bf5 Rd8 35. Be6+ Kg7 36. Nxg5 Ne5 37. Bxe5 fxe5 38. h4 Kf6 39. Ne4+ Kg7 40. Ng5 Kf6 41. Ke3 Ree8 42. Rf1+ Kg7 43. Rf7+ Kg6 44.
Bf5+ Kh6 45. Rh7# 1-0

[Event "*** Titled Tuesday Blitz"]
[Site "Chess.com"]
[Date "2021.03.16"]
[Round "8"]
[White "Kotofeyca"]
[Black "esrosenberg"]
[Result "1-0"]
[WhiteElo "2348"]
[BlackElo "2213"]
[TimeControl "180+1"]
[EndTime "11:28:10 PDT"]
[Termination "Kotofeyca won by resignation"]

1. d4 Nf6 2. c4 e6 3. Nf3 d5 4. Nc3 Bb4 5. cxd5 exd5 6. a3 Bxc3+ 7. bxc3 O-O 8. Bg5 h6 9. Bh4 c5 10. dxc5 Nbd7 11. Qd4 Re8 12. e3 Re4 13. Qd2 Rxh4 14. Nxh4 Ne4 15. Qxd5 Qxh4 16. g3 Qe7 17. c6 bxc6 18. Qxc6 Rb8 19. Bg2 Bb7 20. Qc7 Nxf2 21. Kxf2 Bxg2 22. Kxg2 Rb2+ 23. Kh3 Qe6+ 24. g4 Qxe3+ 25.
Qg3 Qe6 26. Rhb1 Rxb1 27. Rxb1 Nb6 28. Re1 Qf6 29. Qd3 g6 30. Re8+ Kg7 31. Qd4 Qxd4 32.
cxd4 Nc4 33. d5 f6 34. Re7+ Kf8 35. Rxa7 Ke8 36. a4 Ne3 37. a5 Nxd5 38. a6 Kd8 39. Rh7 Nf4+ 40. Kg3 g5 41. a7 Ne2+ 42. Kf2 1-0

[Event "*** Titled Tuesday Blitz"]
[Site "Chess.com"]
[Date "2021.03.16"]
[Round "8"]
[White "VladaSviridova"]
[Black "Maddie"]
[Result "1-0"]
[WhiteElo "2213"]
[BlackElo "2063"]
[TimeControl "180+1"]
[EndTime "11:28:11 PDT"]
[Termination "VladaSviridova won by checkmate"]

1. d4 d5 2. c4 e6 3. Nf3 c6 4.
Nc3 dxc4 5. a4 Bb4 6. e3 b5 7. Bd2 a5 8. axb5 Bxc3 9. Bxc3 cxb5 10. b3 Bb7 11. bxc4 b4 12. Bb2 Nd7 13. Bd3 Ngf6 14.
O-O O-O 15. Nd2 Qc7 16. Bc2 Rac8 17. f4 Rfd8 18. Qe2 Nb6 19. c5 Nbd5 20. Nc4 Ra8 21. Bd3 a4 22. Nd6 Bc6 23. e4 Ne7 24. Qc2 a3 25. Bc1 Ba4 26. Qf2 Bc6 27. Qh4 Ng6 28. Qh3 Ne8 29. f5 exf5 30. exf5 Nf8 31. Bf4 Qb7 32. f6 g6 33. Be5 Nxd6 34. Bxd6 Ne6 35. Bc4 b3 36. Bxe6 fxe6 37. f7+ Kg7 38. Be5+ Kf8 39. Qh6+ Ke7 40. Qg5+ Kf8 41. Bd6+ Kg7 42. Qe5+ Kh6 43. Qf4+ Kg7 44. Qf6+ Kh6 45. Bf4+ Kh5 46.
Qg5# 1-0

[Event "*** Titled Tuesday Blitz"]
[Site "Chess.com"]
[Date "2021.03.16"]
[Round "8"]
[White "Bodnar_Mykola"]
[Black "Oleksandr_Bortnyk"]
[Result "1-0"]
[WhiteElo "2504"]
[BlackElo "2888"]
[TimeControl "180+1"]
[EndTime "11:28:13 PDT"]
[Termination "Bodnar_Mykola won on time"]

1. e4 Nf6 2. e5 Nd5 3. c4 Nb6 4. d4 d6 5. exd6 exd6 6. Nc3 Be7 7. Bd3 O-O 8. Nge2 Bg4 9. Be3 Nc6 10. b3 Bg5 11. Qd2 Bxe3 12. fxe3 Qh4+ 13. Ng3 Rae8 14. O-O Qg5 15. Rf4 h5 16. Raf1 Nd8 17. Nce4 Qh6 18. Qf2 d5 19. Nc3 c6 20. h3 Bd7 21. Qf3 g6 22. e4 dxc4 23. bxc4 Qg7 24. e5 Ne6 25. Re4 Ng5 26. Qf4 Ne6 27. Qf2 Rc8 28. Be2 Ng5 29. Rf4 Be6 30. c5 Nd5 31. Nxd5 Bxd5 32. Bxh5 gxh5 33.
Nxh5 Qg6 34. Nf6+ Kg7 35. Rg4 Rh8 36. Qf4 Ne6 37. Rxg6+ fxg6 38. Qg4 Rcf8 39. Nxd5 cxd5 40. Qxe6 Rxf1+ 41. Kxf1 Rf8+ 42. Kg1 Rf4 43. Qxd5 1-0

[Event "*** Titled Tuesday Blitz"]
[Site "Chess.com"]
[Date "2021.03.16"]
[Round "8"]
[White "Kurkusha"]
[Black "Kislov_Oleg"]
[Result "1-0"]
[WhiteElo "2363"]
[BlackElo "2440"]
[TimeControl "180+1"]
[EndTime "11:28:13 PDT"]
[Termination "Kurkusha won by resignation"]

1. Nf3 d5 2. e3 Nf6 3. c4 e6 4. Nc3 c5 5. cxd5 exd5 6. d4 Nc6 7. Bb5 Bd6 8. O-O O-O 9. Bd3 Bg4 10. Be2 Re8 11. h3 Bh5 12. dxc5 Bxc5 13. Nd4 Bxe2 14. Ncxe2 Ne4 15. Nb3 Bb6 16. Nf4 d4 17. exd4 Nxd4 18. Be3 Nxb3 19. Qxb3 Bxe3 20. Qxe3 Nd2 21. Qg3 Nxf1 22.
Rxf1 Qd4 23. b3 Rac8 24. Nh5 g6 25. Nf4 Rc3 26. Qg4 h5 27. Qg5 Kh7 28. Nd5 Rc6 29. Ne3 Qe4 30. Nc4 Qe7 31. Qd5 Re6 32. Kh2 Kg7 33.
f4 Qf6 34. Qxb7 Re2 35. Qf3 Rxa2 36. Ne5 Qxf4+ 37. Qxf4 Re7 38. Qf6+ 1-0

[Event "*** Titled Tuesday Blitz"]
[Site "Chess.com"]
[Date "2021.03.16"]
[Round "8"]
[White "RobertoJBM"]
[Black "Storne89"]
[Result "0-1"]
[WhiteElo "2753"]
[BlackElo "2647"]
[TimeControl "180+1"]
[EndTime "11:28:22 PDT"]
[Termination "Storne89 won on time"]

1. d4 Nf6 2. Nf3 e6 3. c4 a6 4.
g3 b5 5. b3 Bb7 6. Bg2 c5 7. cxb5 axb5 8. O-O cxd4 9. Nxd4 Bxg2 10. Kxg2 Qb6 11. Bb2 Be7 12. Nc3 b4 13. Na4 Qb7+ 14.
Nf3 d5 15. Rc1 Nbd7 16. Ne5 O-O 17. Qd3 Rfc8 18. Nxd7 Nxd7 19. Rxc8+ Rxc8 20. Rc1 Rxc1 21. Bxc1 h6 22. Bb2 Qc6 23. h4 Bf6 24. Bxf6 Nxf6 25. Qd4 Qc2 26. Qb2 Qe4+ 27. f3 Qe3 28. Qc2 g5 29. hxg5 hxg5 30. Nb2 g4 31. Nd1 Qd4 32. Nf2 gxf3+ 33. exf3 Kg7 34. g4 Nd7 35. Qe2 Ne5 36. Kg3 Ng6 37. Nd3 e5 38. Qd2 Kg8 39. Qe2 e4 40.
fxe4 dxe4 41. Nf4 Qc3+ 42. Kf2 Nxf4 43. Qxe4 Nd3+ 44. Ke2 Ne5 45. g5 Kg7 46. Qf5 Nc6 47. Kf2 Ne7 48. Qf4 Nd5 49. Qe4 Nc7 0-1

[Event "*** Titled Tuesday Blitz"]
[Site "Chess.com"]
[Date "2021.03.16"]
[Round "8"]
[White "Nemsko"]
[Black "WiktoriaPOL"]
[Result "1-0"]
[WhiteElo "2310"]
[BlackElo "2111"]
[TimeControl "180+1"]
[EndTime "11:28:22 PDT"]
[Termination "Nemsko won on time"]

1. e4 c5 2. Nf3 d6 3. d4 cxd4 4. Nxd4 Nf6 5. Nc3 a6 6. Be3 e5 7. Nb3 Be6 8. h3 Nbd7 9. g4 b5 10. Qf3 Nb6 11. O-O-O Nc4 12. g5 Nd7 13. Kb1 Nxe3 14.
Qxe3 Be7 15. h4 h6 16. Be2 h5 17. f4 exf4 18. Qxf4 g6 19. Nd5 Bxd5 20. exd5 Ne5 21.
Nd4 Rc8 22. Rhe1 O-O 23. Bd3 Qc7 24. Be4 Kg7 25. Nc6 Rfe8 26. Qd2 Nc4 27. Qd4+ Kg8 28. Bd3 Ne5 29. Nxe5 dxe5 30. Qxe5 Qd7 31. Qd4 Bc5 32. Qf6 Rxe1 33. Rxe1 Qxd5 34. a3 Rc6 35. Re8+ Bf8 36. Qf2 Re6 37. Rxe6 Qxe6 38. b3 Bg7 39. Qe2 Qd6 40.
Qe4 Kh7 41. Ka2 Qh2 42. Qf4 1-0

[Event "*** Titled Tuesday Blitz"]
[Site "Chess.com"]
[Date "2021.03.16"]
[Round "8"]
[White "Speed-O-Sonic"]
[Black "Orest_Vovk"]
[Result "0-1"]
[WhiteElo "2361"]
[BlackElo "2485"]
[TimeControl "180+1"]
[EndTime "11:28:23 PDT"]
[Termination "Orest_Vovk won by resignation"]

1. d4 h6 2. e4 g5 3. h4 g4 4. Qxg4 d5 5. Qe2 dxe4 6. Qxe4 Nf6 7. Qd3 Nc6 8. Nf3 Bg4 9. c3 Qd5 10. Be2 O-O-O 11. Nbd2 e5 12. dxe5 Qxd3 13. Bxd3 Rxd3 14. exf6 Rg8 15. Ke2 Ne5 16. Rh3 Bc5 17. Rg3 Rgd8 18. Ne4 Bb6 19. Bf4 Bxf3+ 20. gxf3 Ng6 21. Rxg6 fxg6 22.
Bxh6 R3d7 23. Rg1 Rg8 24. Ng5 Rh8 25. f7 Bc5 26. Bg7 Rhd8 27. Kf1 Rd2 28. Kg2 Rxf2+ 29. Kh3 Rdd2 30. f8=Q+ Bxf8 31. Bxf8 Rh2+ 32. Kg4 Rxb2 33.
a3 Rbg2+ 34. Rxg2 Rxg2+ 35. Kf4 Kd7 36. Nf7 Ke8 37. Nd6+ Kxf8 38. Nxb7 Ra2 39. Nc5 Rxa3 40. Ne6+ Ke7 41. Nxc7 Ra4+ 42. Ke3 Kd6 43. Nb5+ Kc5 44. Nd4 Kc4 45. f4 Kxc3 46. f5 Rxd4 47. fxg6 Rxh4 48. g7 Rg4 49. g8=Q Rxg8 0-1

[Event "*** Titled Tuesday Blitz"]
[Site "Chess.com"]
[Date "2021.03.16"]
[Round "8"]
[White "LubovMarkelova"]
[Black "Julianos82"]
[Result "0-1"]
[WhiteElo "2235"]
[BlackElo "2389"]
[TimeControl "180+1"]
[EndTime "11:28:23 PDT"]
[Termination "Julianos82 won on time"]

1. Nf3 d5 2. d4 c6 3. c4 dxc4 4.
e3 Be6 5. Nc3 b5 6. a4 b4 7. Ne4 Nf6 8. Nc5 Bd5 9. Nd2 e5 10. e4 exd4 11. exd5 Bxc5 12. Bxc4 O-O 13. O-O cxd5 14. Bd3 Nc6 15. Nb3 Be7 16. Bb5 Rc8 17. Nxd4 Nxd4 18. Qxd4 h6 19. Qxa7 Bc5 20. Qb7 Qd6 21.
Be2 Rfe8 22. Bf3 Rb8 23. Bf4 Qxf4 24. Qa6 Ng4 25. Bxg4 Qxg4 26. a5 Re6 27. Qd3 Bd6 28. Qxd5 Rd8 29. Qb7 Rg6 30. g3 h5 31. a6 Bc5 32.
Qg2 h4 33. a7 Bxa7 34. Rxa7 Rd2 35. h3 Qd4 36. Ra8+ Kh7 37. g4 Rf6 38. Rb8 Qd3 39.
Re8 Rd1 40. Re3 Rxf1+ 0-1

[Event "*** Titled Tuesday Blitz"]
[Site "Chess.com"]
[Date "2021.03.16"]
[Round "8"]
[White "PawnEatingZombie"]
[Black "canary2016"]
[Result "1-0"]
[WhiteElo "2180"]
[BlackElo "2003"]
[TimeControl "180+1"]
[EndTime "11:28:26 PDT"]
[Termination "PawnEatingZombie won by checkmate"]

1. d4 d5 2. c4 c6 3. Nc3 Nf6 4. e3 Bf5 5. cxd5 cxd5 6. Qb3 Qd7 7. Bb5 Nc6 8. Nf3 e6 9. Ne5 Qc7 10. Qa4 Rc8 11. Bd2 Bd6 12. Rc1 O-O 13. f4 Ne4 14.
Nxe4 Bxe4 15. O-O Bxe5 16. fxe5 Qb6 17. b4 a6 18. Bxc6 bxc6 19. Rc5 Bd3 20. Rfc1 Bb5 21. Qc2 Rc7 22. a3 Rfc8 23. e4 Bc4 24. h3 h6 25. Kh1 Rd7 26. Be3 Ra8 27. Qf2 a5 28. Bd2 axb4 29. Bxb4 Raa7 30. Qf4 Qb7 31. exd5 Bxd5 32.
Rf1 Rc7 33. Rf2 Rd7 34. Kh2 Ra8 35. g4 Rf8 36. h4 Rc8 37. Kh3 Qa6 38. g5 Qd3+ 39.
Qg3 Qg6 40. gxh6 Qxh6 41. Rf4 Rcc7 42. Rg4 Qh7 43. Rg5 Rb7 44. Rc1 Rb8 45. Rg1 g6 46. h5 Kh8 47. Qh4 gxh5 48. Rxh5 Rg8 49. Rxh7# 1-0

[Event "*** Titled Tuesday Blitz"]
[Site "Chess.com"]
[Date "2021.03.16"]
[Round "8"]
[White "Das_Virus_2020"]
[Black "Piacramling"]
[Result "1/2-1/2"]
[WhiteElo "2472"]
[BlackElo "2360"]
[TimeControl "180+1"]
[EndTime "11:28:28 PDT"]
[Termination "Game drawn by repetition"]

1. e4 c5 2. c3 d5 3. exd5 Qxd5 4. d4 Nc6 5. Nf3 Bf5 6. Nbd2 e6 7. Bc4 Qd7 8. O-O Nf6 9. Ne5 Nxe5 10. dxe5 Nd5 11.
Nf3 Be7 12. Qe2 O-O 13. Rd1 Qc6 14. Bg5 Bxg5 15. Nxg5 Nf4 16. Qf3 Qxf3 17. Nxf3 Rfd8 18. h3 Be4 19. Ne1 Kf8 20. f3 Bc6 21. Kf2 Ng6 22. Be2 Nxe5 23. Nc2 Ng6 24. g3 Ne7 25. Ne3 b6 26. h4 Nd5 27. Nc4 f6 28. a3 Ke7 29. Nd2 e5 30. Ne4 f5 31. Nd2 h6 32.
Nc4 Kf6 33. Re1 Re8 34. Rad1 Rad8 35. Ne3 Nxe3 36. Kxe3 Ke7 37. Bc4 Rxd1 38. Rxd1 Rd8 39. Re1 Rd6 40. Rg1 Kf6 41. Re1 b5 42. Bf1 a5 43.
Be2 c4 44. a4 bxa4 45. Bxc4 g5 46. hxg5+ hxg5 47. Rh1 f4+ 48. gxf4 exf4+ 49. Ke2 Kg7 50. Rg1 Kf6 51. Rh1 Kg7 52. Rg1 Kf6 53. Rh1 1/2-1/2

[Event "*** Titled Tuesday Blitz"]
[Site "Chess.com"]
[Date "2021.03.16"]
[Round "8"]
[White "HackingKid98"]
[Black "zmeeed67"]
[Result "0-1"]
[WhiteElo "2440"]
[BlackElo "2429"]
[TimeControl "180+1"]
[EndTime "11:28:28 PDT"]
[Termination "zmeeed67 won by checkmate"]

1. d4 d5 2. c4 e6 3. Nf3 Nf6 4. g3 dxc4 5. Bg2 b5 6. Ne5 Nd5 7. O-O Bb7 8. e4 Nf6 9. Re1 Nbd7 10. Nxd7 Qxd7 11. d5 Be7 12. dxe6 Qxd1 13. exf7+ Kxf7 14. Rxd1 Rad8 15. Rxd8 Rxd8 16. Nc3 b4 17. Nd5 Nxe4 18.
Bxe4 Bxd5 19. Bxd5+ Rxd5 20. Be3 Bf6 21. Rc1 c3 22.
bxc3 Bxc3 23. Bxa7 Ra5 24. Bb8 c5 25. Rc2 Ke6 26. Kf1 Kd5 27. Ke2 Kc4 28. Be5 Rxa2 29. Rxa2 Bxe5 30. Kd2 b3 31. Ra7 Bc3+ 32. Kc1 Kd3 33.
Rd7+ Bd4 34. f4 c4 35. g4 c3 36. f5 Ke4 37. g5 Be3+ 38. Kd1 c2+ 39. Ke2 c1=Q 40.
Re7+ Kxf5 41. Rxe3 Qxe3+ 42. Kxe3 Kxg5 43. Kd3 Kh4 44. Kc3 Kh3 45. Kxb3 g5 46. Kc4 Kxh2 47.
Kd4 g4 48. Ke3 g3 49. Kf4 g2 50. Kg4 g1=Q+ 51. Kh5 Qg3 52. Kh6 Qg6# 0-1

[Event "*** Titled Tuesday Blitz"]
[Site "Chess.com"]
[Date "2021.03.16"]
[Round "8"]
[White "bait_or_mate"]
[Black "sokidze"]
[Result "0-1"]
[WhiteElo "2503"]
[BlackElo "2698"]
[TimeControl "180+1"]
[EndTime "11:28:29 PDT"]
[Termination "sokidze won on time"]

1. d4 Nf6 2. c4 e6 3. Nf3 b6 4. a3 Bb7 5. Nc3 Ne4 6. Nxe4 Bxe4 7. Nd2 Bg6 8. e4 Nc6 9. d5 Nd4 10. Bd3 Qg5 11. O-O Bh5 12. Nf3 Qf6 13. Be2 Nxe2+ 14. Qxe2 Bd6 15. Re1 O-O 16. e5 Bxf3 17. gxf3 Qg6+ 18. Kh1 Be7 19. Rg1 Qh5 20. Bf4 Kh8 21.
Rg3 Qf5 22. Qd2 d6 23. Re1 Rae8 24. Re4 exd5 25. cxd5 Bh4 26. Rg4 dxe5 27. Rxh4 exf4 28. Rhxf4 Qg6 29. Qe2 Rd8 30. Re7 h6 31. Rxc7 Rxd5 32. Rc1 Rfd8 33. Rg1 Qd6 34. Re4 Kh7 35. Qe3 Rf5 36.
f4 Qf6 37. Qf3 g6 38. Qg3 Rd4 39. Re5 Rdxf4 40. Rxf5 Rxf5 41. Rf1 Qxb2 42. f4 Qf6 43. Qe3 h5 0-1

[Event "*** Titled Tuesday Blitz"]
[Site "Chess.com"]
[Date "2021.03.16"]
[Round "8"]
[White "ARTHURMOTIVATOR"]
[Black "SharapovEvgeny"]
[Result "1-0"]
[WhiteElo "2382"]
[BlackElo "2470"]
[TimeControl "180+1"]
[EndTime "11:28:29 PDT"]
[Termination "ARTHURMOTIVATOR won by resignation"]

1. e4 c5 2. b3 Nc6 3. Bb2 e5 4. Bb5 d6 5. Bxc6+ bxc6 6. Ne2 Nf6 7. d3 g6 8. O-O Bg7 9. f4 exf4 10. Nxf4 O-O 11. Nd2 Nd7 12. Bxg7 Kxg7 13. Qg4 Ne5 14.
Qg3 Kh8 15. Nc4 Nxc4 16. bxc4 Qe7 17. Rae1 Be6 18. e5 d5 19. cxd5 cxd5 20. h4 Rab8 21. h5 Rb2 22. Rf2 Rxa2 23. Ref1 Ra6 24. hxg6 hxg6 25. Nxg6+ fxg6 26. Rxf8+ Kg7 27. R8f6 Qe8 28. Qf4 Rc6 29. Qg5 a5 30. Rf8 Qxf8 31. Rxf8 Kxf8 32. Qf6+ Ke8 33. Qxg6+ Kd7 34. Qg7+ Kc8 35. Qa7 d4 36. Qa8+ Kd7 37. Qxa5 Bd5 38. Kf2 Ke6 39. Qd8 Kxe5 40.
g4 Rf6+ 41. Kg3 Rf3+ 42. Kh4 Re3 43. Qc7+ Ke6 44. Qb6+ Ke5 45. Qxc5 Re2 46. Qe7+ Be6 47. Qg7+ Kd5 48. Qb7+ Ke5 49. Qb5+ Bd5 50. c4 dxc3 51. d4+ Kxd4 52. Qxe2 Be4 53. g5 c2 54. Qd2+ Kc4 55.
Kg3 Kb3 56. Qc1 Bg6 57. Kf4 Kc3 58. Ke5 1-0

[Event "*** Titled Tuesday Blitz"]
[Site "Chess.com"]
[Date "2021.03.16"]
[Round "8"]
[White "Gabix_94"]
[Black "Meri-Arabidze"]
[Result "1-0"]
[WhiteElo "2815"]
[BlackElo "2657"]
[TimeControl "180+1"]
[EndTime "11:28:30 PDT"]
[Termination "Gabix_94 won by resignation"]

1. e4 c5 2. Nf3 e6 3. Nc3 Nc6 4. d4 cxd4 5. Nxd4 a6 6. Be3 Nf6 7.
Nxc6 bxc6 8. Bd3 d5 9. exd5 cxd5 10. O-O Be7 11. Qf3 O-O 12. Rad1 Bb7 13. Bd4 Nd7 14. Rfe1 Bf6 15. Bxf6 Nxf6 16. Qg3 g6 17. Ne2 Qb8 18. Qh4 Ne4 19. Bxe4 dxe4 20. Ng3 Rc8 21. Re2 Rd8 22. Rde1 f5 23. Qg5 Rd5 24. c4 Rd3 25. Qe7 Bc8 26. Qe8+ Kg7 27. Qe7+ Kg8 28. Rxe4 Rxg3 29. Rd4 Rxg2+ 30.
Kxg2 Qb7+ 31. Qxb7 Bxb7+ 32. Kg3 Re8 33. Kf4 Be4 34. Ke5 g5 35. Red1 Kf7 36. Rd8 g4 37.
R1d7+ Re7 38. Rxe7+ Kxe7 39. Rh8 Kd7 40. Rxh7+ Kc6 41.
b3 Kc5 42. Rc7+ Kb4 43. c5 Kb5 44. Kd6 f4 45. Rf7 f3 46. Rf4 Bd5 47. Rxg4 a5 48. a4+ Ka6 49. c6 1-0

[Event "*** Titled Tuesday Blitz"]
[Site "Chess.com"]
[Date "2021.03.16"]
[Round "8"]
[White "MasterKroket"]
[Black "blitzking1729"]
[Result "0-1"]
[WhiteElo "2492"]
[BlackElo "2628"]
[TimeControl "180+1"]
[EndTime "11:28:30 PDT"]
[Termination "blitzking1729 won by resignation"]

1. d4 d5 2. c4 e5 3. dxe5 d4 4. Nf3 Nc6 5. a3 Nge7 6. Nbd2 Ng6 7. Nb3 Be6 8. Nbxd4 Bxc4 9. Bg5 Be7 10. Nxc6 Qxd1+ 11. Rxd1 Bxg5 12. Na5 Ba6 13. Nxg5 Nxe5 14. e3 Bxf1 15.
Kxf1 b6 16. Nb3 Ke7 17. Nd4 c5 18. f4 Nc4 19. Nc6+ Kf8 20. Kf2 h6 21. Nf3 Nxb2 22. Rd7 Kg8 23. Nfe5 Kh7 24. Rxf7 c4 25. Nd4 c3 26.
Ne6 Rhg8 27. Rc7 Rac8 28. Rc1 Rxc7 29. Nxc7 Rc8 30. Nb5 a6 31. Rxc3 Nd1+ 32. Ke1 Nxc3 33. Nd6 Rd8 34. Ndc4 b5 35. Nb2 Rc8 36. Kd2 Ne4+ 37. Kd3 Nc5+ 38. Kd2 a5 39. g4 Rd8+ 40. Kc3 Rc8 41. Kd4 Nb3+ 42. Kd3 Nc1+ 43. Kd2 Na2 44. Nf7 b4 45. axb4 Nxb4 46. e4 Rc2+ 47. Ke3 Rxb2 48. e5 a4 49. e6 a3 50. e7 Nd5+ 0-1

[Event "*** Titled Tuesday Blitz"]
[Site "Chess.com"]
[Date "2021.03.16"]
[Round "8"]
[White "Joker_Gumble"]
[Black "ariosp"]
[Result "1-0"]
[WhiteElo "2332"]
[BlackElo "2199"]
[TimeControl "180+1"]
[EndTime "11:28:30 PDT"]
[Termination "Joker_Gumble won by resignation"]

1. d4 Nf6 2. c4 e6 3. Nc3 c5 4.
d5 exd5 5. cxd5 d6 6. e4 g6 7. Nge2 Bg7 8. Ng3 O-O 9. Be2 a6 10. a4 Nbd7 11. f3 Rb8 12. Nf1 Re8 13. g4 Qc7 14. Bf4 Ne5 15. Ne3 Bd7 16. h4 b5 17.
axb5 axb5 18. h5 b4 19. Nb1 Bb5 20. Bxb5 Rxb5 21. Bxe5 Rxe5 22. Nc4 Re8 23. hxg6 hxg6 24. Qa4 Rbb8 25. Qc6 Qxc6 26. dxc6 Nxe4 27. O-O d5 28. fxe4 dxc4 29. Nd2 c3 30. bxc3 Bxc3 31. Rad1 Rbc8 32. Nc4 Rxc6 33. Rd7 f6 34. g5 Rxe4 35. Nd6 Rg4+ 36. Kh2 Rxg5 37. Ne8 Be5+ 38. Kh3 b3 39. Rfd1 b2 40.
Rg7+ Kf8 41. Rdd7 Kxe8 42. Rb7 Rc7 43. Rb8+ 1-0

[Event "*** Titled Tuesday Blitz"]
[Site "Chess.com"]
[Date "2021.03.16"]
[Round "8"]
[White "alexrustemov"]
[Black "vinniethepooh"]
[Result "0-1"]
[WhiteElo "2771"]
[BlackElo "2716"]
[TimeControl "180+1"]
[EndTime "11:28:33 PDT"]
[Termination "vinniethepooh won by checkmate"]

1. d4 Nf6 2. Nf3 d5 3. c4 e6 4. Nc3 c6 5. e3 Nbd7 6. Qc2 Bd6 7.
Bd2 O-O 8. O-O-O b5 9. e4 Nxe4 10.
Nxe4 dxe4 11. Qxe4 bxc4 12. Bxc4 Qb6 13. Ne5 Rb8 14. Bb3 Bxe5 15. dxe5 Nc5 16. Qc2 Nxb3+ 17.
Qxb3 Qxb3 18. axb3 Rxb3 19. Be3 a5 20. Rd6 Bb7 21.
Kc2 Rb5 22. Rd7 c5 23. f3 Bd5 24. Ra1 Rfb8 25. Bc1 h5 26. Ra7 a4 27. Ra3 Rb4 28. Rc3 R8b5 29. Rc7 Bb3+ 30. Kd2 Rd4+ 31. Ke3 Rd5 32. f4 c4 33. h3 Rb8 34. g4 Rbd8 35. Ke2 Rd3 36. Be3 hxg4 37. hxg4 a3 38. Bc1 axb2 39. Bxb2 Rd2+ 40. Ke3 Rxb2 41. f5 Rbd2 42. Kf4 R8d3 43. Rc8+ Kh7 44. Rc1 Rh3 45. Rc7 exf5 46. gxf5 Rd4+ 47. Kg5 Rg3+ 48. Kh5 Rh3+ 49. Kg5 Rg3+ 50.
Kh5 Bd1+ 51. Rxd1 Rxd1 52. Kh4 Rg2 53. Kh3 Rg5 54. Rxf7 Rh1# 0-1